 Dungeon Crawl Stone Soup version 0.26-a0-274-g7ed2249 (webtiles) character file.

Game seed: 2826723730538634774

22 slphil the Fighter (level 2, 0/33 HPs)
             Began as a Gnoll Wanderer on July 11, 2020.
             Slain by a goblin
             ... wielding a +0 club
              (3 damage)
             ... on level 1 of the Dungeon.
             The game lasted 00:01:37 (697 turns).

slphil the Fighter (Gnoll Wanderer)                  Turns: 697, Time: 00:01:38

Health: 0/33       AC: 10    Str: 14    XL:     2   Next: 91%
Magic:  2/2        EV:  9    Int: 18    God:
Gold:   24         SH:  0    Dex: 10    Spells: 2/2 levels left

rFire    . . .     SeeInvis .   j - +1 dagger (venom)
rCold    . . .     Faith    .   (no shield)
rNeg     . . .     Spirit   .   d - +2 scale mail
rPois    .         Reflect  .   (no helmet)
rElec    .         Harm     .   (no cloak)
rCorr    .                      f - +0 pair of gloves
MR       .....                  (no boots)
Stlth    ..........             (no amulet)
HPRegen  0.11/turn              (no ring)
MPRegen  0.08/turn              (no ring)

@: no status effects
A: distributed training, fangs 1, strong nose
a: no special abilities


You were on level 1 of the Dungeon.
You visited 1 branch of the dungeon, and saw 1 of its levels.

You collected 24 gold pieces.

Inventory:

Hand Weapons
 a - a +0 dagger
 j - a +1 dagger of venom (weapon)
Missiles
 c - 11 poisoned darts (quivered)
Armour
 d - a +2 scale mail (worn)
 f - a +0 pair of gloves (worn)
Scrolls
 g - a scroll of immolation {unknown}
 h - a scroll of remove curse {unknown}
Potions
 b - a potion of curing
 e - a potion of flight {unknown}
 i - a potion of resistance {unknown}


   Skills:
 + Level 8.5 Fighting
 + Level 0.5 Short Blades
 + Level 0.5 Long Blades
 + Level 0.5 Axes
 + Level 0.5 Maces & Flails
 + Level 0.5 Polearms
 + Level 0.5 Staves
 + Level 0.5 Slings
 + Level 0.5 Bows
 + Level 4.5 Crossbows
 + Level 2.5 Throwing
 + Level 4.5 Armour
 + Level 0.5 Dodging
 + Level 0.5 Stealth
 + Level 0.5 Shields
 + Level 0.5 Unarmed Combat
 + Level 0.5 Spellcasting
 + Level 0.4 Conjurations
 + Level 0.4 Hexes
 + Level 0.4 Charms
 + Level 0.4 Summonings
 + Level 0.4 Necromancy
 + Level 0.4 Translocations
 + Level 0.4 Transmutations
 + Level 0.4 Fire Magic
 + Level 0.4 Ice Magic
 + Level 0.4 Air Magic
 + Level 0.4 Earth Magic
 + Level 0.4 Poison Magic
 + Level 0.7 Invocations
 + Level 2.5 Evocations


You had 2 spell levels left.
You didn't know any spells.
Your spell library was empty.

Dungeon Overview and Level Annotations

Branches:
Dungeon (1/15)

Altars:


Innate Abilities, Weirdness & Mutations

Your experience applies equally to all skills.
You have very sharp teeth.
Your uncanny sense of smell can sniff out nearby items.


Message History

The frilled lizard bites you.
* * * LOW HITPOINT WARNING * * *
The goblin hits you with a +0 club.
* * * LOW HITPOINT WARNING * * *
The frilled lizard barely misses you. The goblin hits you but does no damage.
The frilled lizard bites you.
* * * LOW HITPOINT WARNING * * *
The goblin barely misses you. The frilled lizard bites you.
* * * LOW HITPOINT WARNING * * *
The goblin barely misses you. The frilled lizard closely misses you.
The frilled lizard barely misses you. The goblin barely misses you.
The frilled lizard bites you.
* * * LOW HITPOINT WARNING * * *
The goblin hits you but does no damage. The frilled lizard barely misses you.
The goblin barely misses you.
The frilled lizard bites you but does no damage.
The goblin hits you with a +0 club.
You die...

.............# #....#
....#####....# ######
..........[..# ##.
.....#####...##### ##.#
..... #.......####.##
.....#####.........#.##.
.................#..##..
#....g...####...####...
#.[..l@..# #.....#....
...#.###### #####......
. #.....# ##...## #####


You could see a goblin and a frilled lizard.

Vanquished Creatures
  A dart slug (D:1)
  2 giant cockroaches (D:1)
  A goblin (D:1)
  2 hobgoblins (D:1)
  6 jackals (D:1)
  A kobold (D:1)
  A ball python (D:1)
  A bat (D:1)
  A frilled lizard (D:1)
  A rat (D:1)
17 creatures vanquished.

Notes
Turn   | Place    | Note
-------+----------+-------------------------------------------
     0 | D:1      | slphil the Gnoll Wanderer began the quest for the Orb.
     0 | D:1      | slphil set off with the following items: a +0 dagger, a
                  | potion of curing, 11 poisoned darts, a +2 scale mail
     0 | D:1      | Reached XP level 1. HP: 26/26 MP: 1/1
   123 | D:1      | Reached XP level 2. HP: 31/33 MP: 2/2
   697 | D:1      | Slain by a goblin

Illustrated notes

Levels and vault maps discovered:
D:1:      psy_arrival_spokes, layout_basic

Action                   || total
-------------------------++-------
Melee: Dagger            ||   124
       Bite              ||     8
Armor: Scale mail        ||   181
Dodge: Dodged            ||   142

Table legend:
 A = Non-vault XP
 B = Vault XP
 C = Vault XP percentage of total XP
 D = Non-vault monster count
 E = Vault monster count
 F = Vault count percentage of total count
                 A         B        C        D         E       F
            +---------+---------+-------+---------+---------+-------
      Total |      32 |       0 |   0.0 |      17 |       0 |   0.0
            +---------+---------+-------+---------+---------+-------
        D:1 |      32 |       0 |   0.0 |      17 |       0 |   0.0
            +---------+---------+-------+---------+---------+-------
